 Dungeon Crawl Stone Soup version 0.25-a0-346-g140ab784a8 (webtiles) character file.

Game seed: 7459909995167425279, levelgen mode: deterministic

644 Dedcleva the Chopper (level 7, -1/61 HPs)
             Began as a Hill Orc Fighter on Dec 31, 2019.
             Slain by Prince Ribbit (8 damage)
             ... on level 5 of the Dungeon.
             The game lasted 00:19:42 (4554 turns).

Dedcleva the Chopper (Hill Orc Fighter)             Turns: 4554, Time: 00:19:42

Health: -1/61      AC:  9    Str: 26    XL:     7   Next: 52%
Magic:  7/7        EV:  8    Int:  8    God:
Gold:   236        SH: 10    Dex: 10    Spells: 6/6 levels left

rFire    . . .     SeeInvis +   a - +0 war axe
rCold    . . .     Gourm    .   c - +0 shield
rNeg     . . .     Faith    .   b - +0 scale mail
rPois    .         Spirit   .   (no helmet)
rElec    .         Reflect  .   z - +0 cloak
rCorr    .         Harm     .   (no gloves)
MR       .....                  r - +0 pair of boots
Stlth    ..........             u - amulet of the acrobat
HPRegen  0.20/turn              q - ring of see invisible
MPRegen  0.10/turn              (no ring)

@: mighty
A: no striking features
a: no special abilities


You were on level 5 of the Dungeon.
You were near starving.

You visited 1 branch of the dungeon, and saw 5 of its levels.

You collected 236 gold pieces.

Inventory:

Hand Weapons
 a - a +0 war axe (weapon)
Missiles
 w - 65 arrows
Armour
 b - a +0 scale mail (worn)
 c - a +0 shield (worn)
 r - a +0 pair of boots (worn)
 z - a +0 cloak (worn)
Jewellery
 q - a ring of see invisible (left hand)
 u - an amulet of the acrobat (around neck)
Wands
 x - a wand of acid (9)
 A - a wand of iceblast (5)
Scrolls
 e - 2 scrolls of enchant armour {unknown}
 i - a scroll of remove curse
 j - 2 scrolls of identify {unknown}
 k - 2 scrolls of fear {unknown}
 m - 2 scrolls of fog {unknown}
 s - 4 scrolls of amnesia {unknown}
 v - a scroll of teleportation
 y - 2 scrolls of blinking
Potions
 g - a potion of cancellation {unknown}
 h - a potion of ambrosia {unknown}
 l - 3 potions of brilliance {unknown}
 n - 2 potions of curing {unknown}
 o - 3 potions of flight {unknown}
 p - a potion of resistance {unknown}
 t - 2 potions of heal wounds {unknown}
Comestibles
 f - 8 rations


   Skills:
 + Level 5.4 Fighting
 + Level 7.2 Axes
 + Level 5.1 Armour
 + Level 1.2 Dodging
 + Level 0.1 Stealth
 + Level 4.6 Shields


You had 6 spell levels left.
You didn't know any spells.
Your spell library was empty.

Dungeon Overview and Level Annotations

Branches:
Dungeon (5/15)
 Temple: D:4-7

Altars:
Ru

Shops:
D:5 }

Annotations:
D:5 Prince Ribbit


Message History

There is an open door here.
You hit Prince Ribbit.
Prince Ribbit is moderately wounded.
Prince Ribbit hits you but does no damage.
You block Prince Ribbit's attack.
You closely miss Prince Ribbit.
Prince Ribbit is moderately wounded.
Prince Ribbit barely misses you.
You closely miss Prince Ribbit.
Prince Ribbit is moderately wounded.
Prince Ribbit blinks!
There is an open door here.
You slice Prince Ribbit!!
Prince Ribbit is severely wounded.
You block Prince Ribbit's attack.
You slash Prince Ribbit!
Prince Ribbit is almost dead.
Prince Ribbit mumbles some strange words.
Prince Ribbit looks slightly unstable.
Prince Ribbit hits you!
You die...

......####.# ......# #.#
......# #.# ......# #.#
......####.######
......#.........#
......#.........#
#)....#.........#############
......'........>@F.........<#
#.....#.........#############
#.....###########
#.....############
#................#
#................#
#####.........>..#
#............# #............#


You could see Prince Ribbit.

Vanquished Creatures
  Eustachio (D:5)
  An ogre (D:5)
  2 hounds (D:4)
  2 orc wizards (D:4)
  An iguana (D:5)
  4 worker ants
  A hound skeleton (D:4)
  4 adders
  A shadow imp (D:4)
  2 oozes
  A worm (D:3)
  4 dart slugs
  3 leopard geckos
  8 orcs
  A ball python (D:5)
  2 giant cockroaches (D:3)
  8 goblins
  16 hobgoblins
  7 jackals (D:2)
  8 kobolds
  2 quokkas
  11 bats
  5 frilled lizards
  A quokka skeleton (D:4)
  13 rats
109 creatures vanquished.

Notes
Turn   | Place    | Note
-------+----------+-------------------------------------------
     0 | D:1      | Dedcleva the Hill Orc Fighter began the quest for the Orb.
     0 | D:1      | Reached XP level 1. HP: 19/19 MP: 1/1
    92 | D:1      | Reached XP level 2. HP: 27/27 MP: 2/2
   369 | D:1      | Reached skill level 3 in Axes
   369 | D:1      | Reached XP level 3. HP: 26/33 MP: 3/3
  1287 | D:2      | Reached XP level 4. HP: 35/40 MP: 4/4
  1681 | D:3      | Reached skill level 4 in Axes
  2124 | D:3      | Reached XP level 5. HP: 46/46 MP: 5/5
  2318 | D:4      | Reached skill level 5 in Axes
  2502 | D:4      | Reached skill level 5 in Fighting
  2577 | D:4      | Reached XP level 6. HP: 30/56 MP: 6/6
  2907 | D:4      | Reached skill level 6 in Axes
  3114 | D:5      | Entered Level 5 of the Dungeon
  3161 | D:5      | Found Kuasuhid's Gadget Shoppe.
  3161 | D:5      | Noticed Eustachio
  3433 | D:5      | Killed Eustachio
  3433 | D:5      | Reached XP level 7. HP: 47/61 MP: 7/7
  3516 | D:5      | Noticed Prince Ribbit
  3817 | D:5      | Reached skill level 7 in Axes
  3817 | D:5      | Reached skill level 5 in Armour
  3817 | D:5      | Reached skill level 1 in Dodging
  4111 | D:5      | Found a sacrificial altar of Ru.
  4554 | D:5      | Slain by Prince Ribbit

Levels and vault maps discovered:
D:1:      giann_wishing_wells, layout_basic
D:2:      layout_basic
D:3:      layout_basic
D:4:      layout_basic, first_ration
D:5:      layout_basic, serial_shops, shop, st_stairs_6,
          nicolae_ru_great_annihilating_truth, uniq_eustachio,
          uniq_prince_ribbit1

Skill      XL: |  1  2  3  4  5  6  7 |
---------------+----------------------+-----
Fighting       | 4 5 |  5.4
Axes           | 3 4 5 6 7 |  7.2
Shields        | 4 |  4.6
Armour         | 4 5 |  5.1
Dodging        | 1 |  1.2
Stealth        | |  0.1

Action                   |  1- 3 |  4- 6 |  7- 9 || total
-------------------------+-------+-------+-------++-------
Melee: War axe           |   141 |   278 |    68 ||   487
  Use: Scroll            |       |       |     4 ||     4
       Potion            |       |       |     1 ||     1
 Stab: Invisible         |       |       |     1 ||     1
       Paralysed         |       |       |     1 ||     1
  Eat: Chunk             |     1 |     7 |     3 ||    11
Armor: Scale mail        |    70 |   131 |    23 ||   224
Dodge: Dodged            |    62 |    59 |    21 ||   142
Block: Shield            |    98 |   129 |    29 ||   256

Table legend:
 A = Non-vault XP
 B = Vault XP
 C = Vault XP percentage of total XP
 D = Non-vault monster count
 E = Vault monster count
 F = Vault count percentage of total count
                 A         B        C        D         E       F
            +---------+---------+-------+---------+---------+-------
      Total |     680 |     241 |  26.2 |     103 |       6 |   5.5
            +---------+---------+-------+---------+---------+-------
        D:1 |      46 |       0 |   0.0 |      27 |       0 |   0.0
        D:2 |      66 |       0 |   0.0 |      28 |       0 |   0.0
        D:3 |      53 |       0 |   0.0 |      24 |       0 |   0.0
        D:4 |     346 |       0 |   0.0 |      21 |       0 |   0.0
        D:5 |     169 |     241 |  58.8 |       3 |       6 |  66.7
            +---------+---------+-------+---------+---------+-------
